 Dungeon Crawl Stone Soup version 0.29.1-14-g9c671dbff4 (webtiles) character file.

Game seed: 17829696946161816014

39 raph the Chopper (level 3, -1/31 HPs)
             Began as a Hill Orc Monk on Feb 12, 2023.
             Slain by a gnoll
             ... wielding a +0 flail
              (9 damage)
             ... on level 1 of the Dungeon.
             The game lasted 00:01:00 (1201 turns).

raph the Chopper (Hill Orc Monk)                    Turns: 1201, Time: 00:01:01

Health: -1/31      AC:  8    Str: 13    XL:     3   Next: 45%
Magic:  3/3        EV:  6    Int: 10    God:
Gold:   74         SH:  0    Dex: 15    Spells: 2/2 levels left

rFire   . . .      SeeInvis .   a - +0 hand axe
rCold   . . .      Faith    .   (no shield)
rNeg    . . .      Spirit   .   e - +0 chain mail
rPois   .          Reflect  .   (no helmet)
rElec   .          Harm     .   (no cloak)
rCorr   .          Rampage  .   (no gloves)
Will    .....                   (no boots)
Stlth   ..........              (no amulet)
HPRegen 0.10/turn               (no ring)
MPRegen 0.08/turn               (no ring)

@: no status effects
A: no striking features
a: no special abilities


You were on level 1 of the Dungeon.
You visited 1 branch of the dungeon, and saw 1 of its levels.

You collected 74 gold pieces.

Inventory:

Hand Weapons
 a - a +0 hand axe (weapon)
Missiles
 j - 5 boomerangs (quivered)
Armour
 b - a +0 robe
 e - a +0 chain mail (worn)
Scrolls
 h - a scroll of fog {unknown}
Potions
 c - 2 potions of ambrosia
 d - 2 potions of flight {unknown}
 f - a potion of magic {unknown}
 g - a potion of degeneration {unknown}
 i - a potion of lignification {unknown}


   Skills:
 - Level 3.6 Fighting
 + Level 5.9 Axes
 - Level 2.4 Dodging
 - Level 1.5 Stealth


You had 2 spell levels left.
You didn't know any spells.
Your spell library contained the following spells:

 Spells                   Type           Power      Damage    Failure   Level
 Sublimation of Blood     Necr           0%         N/A       100%        2
 Petrify                  Tmut/Erth      0%         N/A       100%        4
 Irradiate                Conj/Tmut      0%         3d11      100%        5


Dungeon Overview and Level Annotations

Branches:
Dungeon (1/15)

Altars:


Message History

You open the door.
You see here a +1 long sword of holy wrath.
You open the door.
You see here a +1 long sword of holy wrath.
There is an open door here.
You open the door.
There is an open door here.
A gnoll comes into view. It is wielding a +0 flail.
The gnoll shouts!
You closely miss the gnoll. The gnoll hits you with a +0 flail.
You completely miss the gnoll. The gnoll closely misses you.
You hit the gnoll.
The gnoll is moderately wounded.
The gnoll hits you with a +0 flail.
You closely miss the gnoll.
The gnoll is moderately wounded.
The gnoll hits you with a +0 flail.
You hit the gnoll but do no damage.
The gnoll is moderately wounded.
The gnoll hits you with a +0 flail.
You hit the gnoll.
The gnoll is heavily wounded.
The gnoll barely misses you.
You closely miss the gnoll.
The gnoll is heavily wounded.
The gnoll hits you with a +0 flail.
You are too injured to fight recklessly!
You are too injured to fight recklessly!
You are too injured to fight recklessly!
You are too injured to fight recklessly!
You are too injured to fight recklessly!
You are too injured to fight recklessly!
You completely miss the gnoll.
The gnoll is heavily wounded.
The gnoll hits you with a +0 flail.
* * * LOW HITPOINT WARNING * * *
You hit the gnoll.
The gnoll is severely wounded.
The gnoll hits you with a +0 flail!
You die...

######## #.#####.....# .### #.#
#.##### ...# ######.# #.....#
.#.####### #......#####.##...
.........#######.####.)..........
##...............# #.####.####..
##...###.######..####.#.#...#.#..
.........# #.......##.....##..
##..8#8..# ##@##.#.#...†...#..
#..#)#..# #g##.......#......
#..8#8..## #.####.#..)....#..
#......... ... #.##.....##..
##.##.##.### ### ..#.#...#.#..
..[......# #..####.####..
##....#### #...........# ######
#######...... #######


You could see a gnoll.

Vanquished Creatures
  A dart slug (D:1)
  2 bats (D:1)
  4 endoplasms (D:1)
  2 giant cockroaches (D:1)
  6 goblins (D:1)
  2 hobgoblins (D:1)
  2 jackals (D:1)
  2 kobolds (D:1)
  A quokka (D:1)
  4 ball pythons (D:1)
  A frilled lizard (D:1)
  5 rats (D:1)
32 creatures vanquished.

Notes
Turn   | Place    | Note
-------+----------+-------------------------------------------
     0 | D:1      | raph the Hill Orc Monk began the quest for the Orb.
     0 | D:1      | Reached XP level 1. HP: 19/19 MP: 1/1
   293 | D:1      | Reached XP level 2. HP: 22/26 MP: 2/2
   384 | D:1      | Reached skill level 5 in Axes
   683 | D:1      | Reached XP level 3. HP: 26/31 MP: 3/3
  1201 | D:1      | Slain by a gnoll

Illustrated notes

Levels and vault maps discovered:
D:1:      matt_arrival_los_fun, layout_loops_ring,
          nicolae_concentric_dashed_squares_mild,
          hangedman_decor_clover_reticule, minmay_statues_item, minivault_24,
          hangedman_glass_teeth, minmay_nonomino_d4

Skill      XL: |  1  2 |
---------------+-------+-----
Axes           | 5 |  5.9
Fighting       | |  3.6
Dodging        | |  2.4
Stealth        | |  1.5

Action                   || total
-------------------------++-------
Melee: Hand axe          ||   100
Armor: Chain mail        ||    58
Dodge: Dodged            ||    28
